 Dungeon Crawl Stone Soup version 0.29-a0-100-g60f898f876 (webtiles) character file.

Game seed: 16568891556233424086

100 Gargoyl the Skirmisher (level 4, -2/29 HPs)
             Began as a Gargoyle Abyssal Knight on Feb 14, 2022.
             Was a Believer of Lugonu.
             Slain by an ogre (19 damage)
             ... on level 4 of the Dungeon.
             The game lasted 00:02:50 (2646 turns).

Gargoyl the Skirmisher (Gargoyle Abyssal Knight)    Turns: 2646, Time: 00:02:51

Health: -2/29      AC: 17    Str: 19    XL:     4   Next: 73%
Magic:  5/5        EV:  4    Int: 10    God:    Lugonu [**....]
Gold:   136        SH:  6    Dex: 10    Spells: 3/3 levels left

rFire   . . .      SeeInvis .   i - +2 dagger (venom)
rCold   . . .      Faith    .   k - +0 kite shield
rNeg    + . .      Spirit   .   n - +0 plate armour
rPois   ∞          Reflect  .   h - +0 helmet
rElec   +          Harm     .   j - +0 cloak
rCorr   .          Rampage  .   (no gloves)
Will    +....                   (no boots)
Stlth   ..........              (no amulet)
HPRegen 0.09/turn               b - ring of willpower
MPRegen 0.09/turn               (no ring)

@: no status effects
A: sickness immunity, AC +3, negative energy resistance 1, electricity
resistance, torment resistance 1, petrification resistance
a: Renounce Religion, Depart the Abyss, Bend Space


You were on level 4 of the Dungeon.
You worshipped Lugonu.
Lugonu was pleased with you.
You visited 1 branch of the dungeon, and saw 4 of its levels.
You visited the Abyss 1 time.

You collected 136 gold pieces.

Inventory:

Hand Weapons
 a - a +1 hand axe
 i - a +2 dagger of venom (weapon)
Missiles
 d - 4 poisoned darts (quivered)
Armour
 h - a +0 helmet (worn)
 j - a +0 cloak (worn)
 k - a +0 kite shield (worn)
 n - a +0 plate armour (worn)
Jewellery
 b - a ring of willpower (left hand)
Scrolls
 c - a scroll of fog
 m - a scroll of magic mapping {unknown}
 o - a scroll of identify
 p - a scroll of enchant weapon {unknown}
Potions
 e - a potion of might
 f - a potion of berserk rage
 g - 3 potions of attraction {unknown}
 l - a potion of curing {unknown}


   Skills:
 + Level 4.2 Fighting
 + Level 0.9 Short Blades
 + Level 2.4 Axes
 + Level 3.1 Armour
 + Level 1.0 Dodging
 + Level 0.1 Stealth
 + Level 1.0 Shields
 + Level 2.0 Invocations


You had 3 spell levels left.
You didn't know any spells.
Your spell library contained the following spells:

 Spells                   Type           Power      Damage    Failure   Level
 Hailstorm                Conj/Ice       0%         3d3       100%        4
 Ice Form                 Ice/Tmut       0%         N/A       100%        4
 Simulacrum               Ice/Necr       0%         N/A       100%        6


Dungeon Overview and Level Annotations

Branches:
Dungeon (4/15)
 Temple: D:4-7

Altars:


Innate Abilities, Weirdness & Mutations

You are immune to sickness and miasma.
Your stone body is resilient. (AC +3)
You are immune to poison.
You resist negative energy. (rN+)
You are resistant to electric shocks. (rElec)
You are resistant to unholy torment.
You are immune to petrification.


Message History

The adder is almost dead.
You kill the adder!
Lugonu accepts your kill. The orc closely misses you.
Your Shields skill increases to level 1!
Unknown command.
The orc jeers noisily.
A dart slug comes into view.
You block the ogre's attack.
You closely miss the orc. The orc barely misses you.
You barely miss the orc. The orc barely misses you.
You hit the orc but do no damage.
The orc is poisoned.
The orc barely misses you. The orc hits you but does no damage.
You hit the orc.
The orc looks as sick as possible!
The orc is severely wounded.
You kill the orc!
Lugonu accepts your kill.
You hit the orc.
The orc is poisoned.
The orc is moderately wounded.
You block the orc's attack.
You hit the orc.
The orc looks as sick as possible!
The orc is almost dead.
You kill the orc!
Lugonu accepts your kill.
You can now bend space around yourself.
You barely miss the ogre. The ogre hits you but does no damage.
You barely miss the ogre. The ogre barely misses you.
You hit the ogre.
The ogre is poisoned.
The ogre is lightly wounded.
The ogre hits you but does no damage.
You hit the ogre but do no damage.
The ogre looks as sick as possible!
The ogre is lightly wounded.
The ogre hits you with a +0 giant club!
You hit the ogre.
The ogre is moderately wounded.
The ogre hits you with a +0 giant club.
You hit the ogre.
The ogre looks as sick as possible!
The ogre is heavily wounded.
The ogre hits you with a +0 giant club!!
Ouch! That really hurt!
You die...

..# #.........#.# #.# ..#
#.......#.#.# #.#
#.#.#.......#.#.###.###
..#.#.................#
###.#....##.......(.#.#
..............#######.######
.#.........................#.#
.#.#.#...#.#.w#######.##.....#
.....#.#.#...gKO@...>.##.#.#.#
..##.......#########..##.#.# #
.......#.....# #[.#<.# #
#.#....#g.K.#.# #.......#
.......#........ #........#
..##.......##..... #..#####.#
.....#.#.#............# .#
.#.#.#...#.#.#...#.#..# #
.#...........#.#.#...


You could see an ogre (extremely poisoned), a dart slug, a goblin and a kobold.

Vanquished Creatures
  An iguana (D:4)
  2 adders (D:4)
  2 worms
  3 orcs
  7 ball pythons
  4 endoplasms
  3 giant cockroaches
  A goblin (D:1)
  4 hobgoblins
  4 kobolds
  5 quokkas
  3 bats
  A frilled lizard (D:2)
  6 rats
46 creatures vanquished.

Notes
Turn   | Place    | Note
-------+----------+-------------------------------------------
     0 | Abyss:1  | Gargoyl the Gargoyle Abyssal Knight began the quest for the
                  | Orb.
     0 | Abyss:1  | Reached XP level 1. HP: 14/14 MP: 2/2
     0 | D:1      | Escaped the Abyss
   167 | D:1      | Reached * piety under Lugonu
   371 | D:1      | Reached XP level 2. HP: 17/19 MP: 3/3
   648 | D:2      | Reached skill level 4 in Fighting
   762 | D:2      | Reached XP level 3. HP: 16/24 MP: 4/4
   862 | D:2      | Found a faded altar of an unknown god.
  1807 | D:3      | Reached skill level 1 in Dodging
  2335 | D:4      | Reached XP level 4. HP: 10/29 MP: 5/5
  2606 | D:4      | Noticed an ogre
  2611 | D:4      | Reached skill level 1 in Shields
  2640 | D:4      | Reached ** piety under Lugonu
  2646 | D:4      | Slain by an ogre

Illustrated notes

Levels and vault maps discovered:
D:1:      dpeg_arrival_castle, layout_rooms, minmay_tree_intersection
D:2:      layout_basic, ebering_ecumenical_altar_abandoned, corner_web_ring,
          grunt_ministairs_15
D:3:      layout_basic, serial_corexii_hall, chequers_hall_statues_y,
          corexii_hall_statues_deadend
D:4:      nicolae_cairo_tiling_large_dashed, layout_basic

Skill      XL: |  1  2  3  4 |
---------------+-------------+-----
Axes           | 2 |  2.4
Fighting       | 4 |  4.2
Dodging        | 1 |  1.0
Armour         | 3 |  3.1
Shields        | 1 |  1.0
Short Blades   | |  0.9
Stealth        | |  0.1
Invocations    | |  2.0

Action                   |  1- 3 |  4- 6 || total
-------------------------+-------+-------++-------
Melee: Hand axe          |    48 |       ||    48
       Dagger            |    68 |    28 ||    96
Invok: Depart the Abyss  |     1 |       ||     1
  Use: Scroll            |     7 |       ||     7
Armor: Leather armour    |    25 |       ||    25
       Plate armour      |    34 |    14 ||    48
       Chain mail        |    13 |       ||    13
Dodge: Dodged            |    50 |     6 ||    56
Block: Kite shield       |    18 |     5 ||    23

Table legend: (Time is in decaauts)
 A = Elapsed time spent in this place.
 B = Non-inter-level travel time spent in this place.
 C = Inter-level travel time spent in this place.
 D = Time resting spent in this place.
 E = Time spent auto-exploring this place.
 F = Levels seen in this place.
 G = Mean time per level.
                   A        B        C        D        E       F      G
               +--------+--------+--------+--------+--------+-----+--------+
         Total |   2671 |   2618 |     53 |    219 |   1897 |   5 |  534.2 |
       Dungeon |   2671 |   2618 |     53 |    219 |   1897 |   4 |  667.8 |
         Abyss |      0 |      0 |      0 |      0 |      0 |   1 |    0.0 |
               +--------+--------+--------+--------+--------+-----+--------+

Top non-repeatable levels by time:
     D:2: 828 daAuts
     D:3: 802 daAuts
     D:1: 641 daAuts
     D:4: 399 daAuts
